 Dungeon Crawl Stone Soup version 0.32-a0-42-ga30500b4d3 (webtiles) character file.

Game seed: 13122366177746892536

471 pokeman the Magician (level 6, -11/34 HPs)
             Began as a Deep Elf Hedge Wizard on Jan 31, 2024.
             Was an Initiate of Vehumet.
             Mangled by an ogre
             ... wielding a +0 giant club
              (18 damage)
             ... on level 5 of the Dungeon.
             The game lasted 00:06:25 (4679 turns).

pokeman the Magician (Deep Elf Hedge Wizard)        Turns: 4679, Time: 00:06:25

Health: -11/34     AC:  5    Str:  7    XL:     6   Next: 83%
Magic:  9/18       EV: 13    Int: 21    God:    Vehumet [......]
Gold:   155        SH:  0    Dex: 14    Spells: 11/19 levels left

rFire   + . .        i - +0 dagger (venom)
rCold   . . .        (no shield)
rNeg    . . .        a - +2 robe {rF+}
rPois   .            c - +0 hat
rElec   .            (no cloak)
rCorr   .            (no gloves)
SInv    .            j - +0 pair of boots
Will    .....        (no amulet)
Stlth   ++           (no ring)
HPRegen 0.25/turn    (no ring)
MPRegen 0.16/turn

%: no passive effects
@: on blink cooldown
A: no striking features
a: Renounce Religion


You were on level 5 of the Dungeon.
You worshipped Vehumet.
Vehumet was noncommittal.
You visited 2 branches of the dungeon, and saw 6 of its levels.

You collected 155 gold pieces.

Inventory:

Hand Weapons
 i - a +0 dagger of venom (weapon)
 q - a +1 dagger of holy wrath
Armour
 a - a +2 robe of fire resistance (worn)
 c - a +0 hat (worn)
 j - a +0 pair of boots (worn)
Magical Staves
 b - a staff of earth
Jewellery
 o - an amulet of faith
Scrolls
 e - a scroll of noise {unknown}
 f - a scroll of immolation {unknown}
 g - 2 scrolls of teleportation {unknown}
 h - a scroll of vulnerability {unknown}
 k - a scroll of silence {unknown}
 l - a scroll of butterflies {unknown}
 p - a scroll of poison {unknown}
Potions
 d - 5 potions of magic
 m - a potion of heal wounds {unknown}
 n - a potion of resistance {unknown}
 r - a potion of curing {unknown}
 s - a potion of lignification {unknown}


   Skills:
 + Level 1.5 Fighting
 - Level 1.0 Armour
 - Level 3.0 Dodging
 - Level 3.0 Stealth
 * Level 7.3 Spellcasting
 + Level 3.3 Conjurations
 - Level 1.1 Summonings
 - Level 1.1 Translocations
 - Level 1.1 Air Magic
 + Level 2.0 Earth Magic
 - Level 1.0 Alchemy
 - Level 1.2 Evocations


You had 11 spell levels left.
You knew the following spells:

 Your Spells              Type           Power      Damage    Failure   Level
a - Magic Dart            Conj           84%        1d7       2%          1
b - Mephitic Cloud        Conj/Alch/Air  15%        N/A       12%         3
c - Call Imp              Summ           24%        N/A       9%          2
d - Blink                 Tloc           24%        N/A       9%          2

Your spell library contained the following spells:

 Spells                   Type           Power      Damage    Failure   Level
 Apportation              Tloc           24%        N/A       5%          1
 Slow                     Hex            28%        N/A       9%          1
 Cigotuvi's Dreadful Rot  Necr/Alch/Air  20%        N/A       10%         2
 Jinxbite                 Hex            14%        N/A       13%         2
 Gell's Gravitas          Tloc           12%        N/A       16%         3
 Teleport Other           Tloc           12%        N/A       16%         3
 Alistair's Intoxication  Alch           7%         N/A       85%         5
 Dispersal                Tloc           6%         N/A       100%        6


Dungeon Overview and Level Annotations

Branches:
Dungeon (5/15)             Temple (1/1) D:4

Altars:
Ashenzari
Cheibriados
Dithmenos
Elyvilon
Fedhas
Gozag
Kikubaaqudgha
Makhleb
Okawaru
Qazlal
Ru
Sif Muna
Trog
Uskayaw
Vehumet
Wu Jian
Yredelemnul
Zin
The Shining One


Message History

The magic dart hits the ogre but does no damage.
The ogre is heavily wounded.
Casting: Magic Dart (safe; 2% risk of failure)
Confirm with . or Enter, or press ? or * to list all spells.
Aiming: Magic Dart (safe; 2% risk of failure)
Press: ? - help, Shift-Dir - straight line, f/p - ogre
Aim: an ogre, wielding a +0 giant club (heavily wounded, 100% to hit)
The magic dart hits the ogre.
The ogre is heavily wounded.
The ogre hits you with a +0 giant club.
Casting: Magic Dart (safe; 2% risk of failure)
Confirm with . or Enter, or press ? or * to list all spells.
Aiming: Magic Dart (safe; 2% risk of failure)
Press: ? - help, Shift-Dir - straight line, f/p - ogre
Aim: an ogre, wielding a +0 giant club (heavily wounded, 100% to hit)
The magic dart hits the ogre.
The ogre is severely wounded.
Casting: Magic Dart (safe; 2% risk of failure)
Confirm with . or Enter, or press ? or * to list all spells.
Aiming: Magic Dart (safe; 2% risk of failure)
Press: ? - help, Shift-Dir - straight line, f/p - ogre
Aim: an ogre, wielding a +0 giant club (severely wounded, 100% to hit)
The magic dart hits the ogre!
The ogre is almost dead.
The ogre hits you with a +0 giant club!!
Ouch! That really hurt!
* * * LOW HITPOINT WARNING * * *
Casting: Magic Dart (safe; 2% risk of failure)
Confirm with . or Enter, or press ? or * to list all spells.
Aiming: Magic Dart (safe; 2% risk of failure)
Press: ? - help, Shift-Dir - straight line, f/p - ogre
Aim: an ogre, wielding a +0 giant club (almost dead, 100% to hit)
Okay, then.
Unknown command.
Casting: Magic Dart (safe; 2% risk of failure)
Confirm with . or Enter, or press ? or * to list all spells.
You blink.
The ogre hits you with a +0 giant club!!
Ouch! That really hurt!
You die...

.....#####.###.####
####.......# #.##.#
#.#####.# #.#.# #.#
#.###..# #.#
#.....## #.#
#....## #.#
#####ยง# #.# ##O##
... #.@# #.#.....#
#.#####.# ..# #..#
#... ... ...


You could see an ogre.

Vanquished Creatures
  Grinder (D:5)
  A phantom (D:4)
  An iguana (D:4)
  An orc wizard (D:3)
  5 adders
  3 dart slugs
  A ribbon worm (D:2)
  5 orcs (D:3)
  9 endoplasms
  3 giant cockroaches
  10 goblins
  5 hobgoblins
  8 jackals
  6 quokkas
  6 ball pythons
  6 bats
  2 frilled lizards (D:2)
  8 kobolds
  6 rats
87 creatures vanquished.

Notes
Turn   | Place    | Note
-------+----------+-------------------------------------------
     0 | D:1      | pokeman the Deep Elf Hedge Wizard began the quest for the
                  | Orb.
     0 | D:1      | Reached XP level 1. HP: 10/10 MP: 7/7
   147 | D:1      | Reached XP level 2. HP: 16/16 MP: 1/9
   547 | D:1      | Reached skill level 5 in Spellcasting
   683 | D:1      | Reached XP level 3. HP: 20/20 MP: 6/11
   689 | D:1      | Learned a level 3 spell: Mephitic Cloud
   692 | D:1      | Learned a level 2 spell: Call Imp
   696 | D:1      | Learned a level 2 spell: Blink
  1369 | D:2      | Reached skill level 1 in Armour
  1596 | D:2      | Reached skill level 1 in Fighting
  1792 | D:2      | Found a faded altar of an unknown god.
  1802 | D:2      | Reached XP level 4. HP: 25/25 MP: 8/13
  3042 | D:3      | Reached skill level 6 in Spellcasting
  3042 | D:3      | Reached XP level 5. HP: 25/29 MP: 10/15
  3745 | D:4      | Reached skill level 1 in Alchemy
  4070 | D:4      | Noticed a phantom
  4077 | D:4      | Killed a phantom
  4078 | D:4      | Reached skill level 1 in Air Magic
  4078 | D:4      | Reached skill level 1 in Earth Magic
  4078 | D:4      | Reached skill level 1 in Evocations
  4078 | D:4      | Reached XP level 6. HP: 27/34 MP: 8/17
  4150 | D:4      | Found a staircase to the Ecumenical Temple.
  4156 | Temple   | Entered the Ecumenical Temple
  4165 | Temple   | Became a worshipper of Vehumet
  4363 | D:5      | Entered Level 5 of the Dungeon
  4423 | D:5      | Noticed Grinder
  4446 | D:5      | Paralysed by Grinder for 2 turns
  4458 | D:5      | Paralysed by Grinder for 4 turns
  4548 | D:5      | Killed Grinder
  4549 | D:5      | Reached skill level 7 in Spellcasting
  4679 | D:5      | Mangled by an ogre

Illustrated notes

Levels and vault maps discovered:
D:1:      heliophobic_arrival_enchanted_forest, layout_loops_ring,
          kennysheep_minor_cross
D:2:      layout_loops_ring, ebering_ecumenical_altar_petrified,
          minmay_tiny_reverse_x
D:3:      layout_basic, minmay_misc_feat_enclosed
D:4:      layout_basic, minmay_temple_entry_fiery
D:5:      layout_loops_ring, uniq_grinder, uniq_menkaure
Temple:   hellmonk_temple_of_storms

Skill      XL: |  1  2  3  4  5  6 |
---------------+-------------------+-----
Spellcasting   | 5 6 7 |  7.3
Armour         | 1 |  1.0
Fighting       | 1 |  1.5
Conjurations   | 2 3 |  3.3
Dodging        | 3 |  3.0
Stealth        | 3 |  3.0
Alchemy        | 1 |  1.0
Air Magic      | 1 |  1.1
Earth Magic    | 1 2 |  2.0
Evocations     | 1 |  1.2
Summonings     | |  1.1
Translocations | |  1.1

Action                     |  1- 3 |  4- 6 || total
---------------------------+-------+-------++-------
  Melee: Dagger            |    13 |    40 ||    53
         Punch             |       |     1 ||     1
   Cast: Magic Dart        |   102 |   112 ||   214
         Mephitic Cloud    |       |     3 ||     3
         Blink             |       |     2 ||     2
         Call Imp          |       |     1 ||     1
   Stab: Sleeping          |     1 |       ||     1
         Confused          |       |     2 ||     2
 Armour: Robe              |    14 |    35 ||    49
  Dodge: Dodged            |    25 |    32 ||    57

Table legend: (Time is in decaauts)
 A = Elapsed time spent in this place.
 B = Non-inter-level travel time spent in this place.
 C = Inter-level travel time spent in this place.
 D = Time resting spent in this place.
 E = Time spent auto-exploring this place.
 F = Levels seen in this place.
 G = Mean time per level.
                   A        B        C        D        E       F      G
               +--------+--------+--------+--------+--------+-----+--------+
         Total |   4681 |   4591 |     90 |     53 |   3997 |   6 |  780.2 |
       Dungeon |   4662 |   4588 |     74 |     53 |   3997 |   5 |  932.4 |
        Temple |     18 |      2 |     16 |      0 |      0 |   1 |   18.0 |
               +--------+--------+--------+--------+--------+-----+--------+

Top non-repeatable levels by time:
     D:2: 1256 daAuts
     D:1: 1140 daAuts
     D:3: 993 daAuts
     D:4: 955 daAuts
     D:5: 315 daAuts
  Temple: 18 daAuts
